 Dungeon Crawl Stone Soup version 0.31-a0-705-ga145531891 (webtiles) character file.

Game seed: 9363982192749394673

58333 Ofeo the Mimic (level 14, -5/114 HPs)
             Began as a Demonspawn Shapeshifter on Sept 9, 2023.
             Was the Champion of Wu Jian.
             Slain by an eight-headed hydra (8 damage)
             ... on level 4 of the Lair of Beasts.
             The game lasted 00:25:02 (19734 turns).

Ofeo the Mimic (Demonspawn Shapeshifter)           Turns: 19734, Time: 00:25:03

Health: -5/114     AC: 23    Str: 15    XL:     14   Next: 49%
Magic:  14/14      EV: 15    Int: 13    God:    Wu Jian [******]
Gold:   842        SH:  9    Dex: 16    Spells: 13/13 levels left

rFire   . . .        g - melded +3 spear (venom)
rCold   . . .        (shield currently unavailable)
rNeg    . . .        v - +0 acid dragon scales
rPois   .            (helmet restricted)
rElec   .            I - +2 cloak {Stlth+}
rCorr   +            (gloves unavailable)
SInv    .            (no boots)
Will    +....        i - amulet of reflection
Stlth   +            e - +4 ring of protection
HPRegen 0.39/turn    C - +4 ring of protection
MPRegen 0.14/turn

%: reflection
@: lethally poisoned (-5 -> -7), about to teleport, flux-form, marked, frozen,
glowing, very slow
A: glow, contaminating, antennae 2, hooves 2, demonic guardian 2, icemail 1,
condensation shield, demonic touch 3
a: Begin Untransformation, Renounce Religion, Wall Jump, Serpent's Lash,
Heavenly Storm


You were on level 4 of the Lair of Beasts.
You worshipped Wu Jian.
Wu Jian was exalted by your worship.
You were something dangerously unstable.
You visited 3 branches of the dungeon, and saw 18 of its levels.

You collected 1822 gold pieces.
You spent 980 gold pieces at shops.

Inventory:

Hand Weapons
 g - a +3 spear of venom (melded)
Armour
 v - +0 acid dragon scales (worn)
 F - a +0 troll leather armour
 I - a +2 cloak of stealth (worn)
Jewellery
 a - a +6 ring of strength
 e - a +4 ring of protection (left hand)
 i - an amulet of reflection (around neck)
 s - a +6 ring of strength
 B - a ring of fire
 C - a +4 ring of protection (right hand)
 H - a ring of ice
Talismans
 c - a beast talisman
 d - a flux talisman (active)
Wands
 j - a wand of iceblast (29) {@v4}
 p - a wand of digging (8) {@v1}
 u - a wand of charming (40)
 E - a wand of acid (11) {@v2}
Scrolls
 b - 4 scrolls of amnesia
 n - 4 scrolls of fear
 w - 3 scrolls of silence
 x - a scroll of enchant armour
 y - 2 scrolls of poison
 A - 2 scrolls of fog
 D - 2 scrolls of teleportation {@r3}
 G - 2 scrolls of immolation
Potions
 f - 4 potions of mutation
 h - 2 potions of heal wounds {@q2}
 l - 2 potions of lignification
 m - 2 potions of might {@q4}
 o - 3 potions of degeneration {unknown}
 q - 8 potions of curing {@q1}
 r - 5 potions of resistance {@q6}
 t - a potion of haste {unknown}
 z - a potion of ambrosia {unknown}
 J - a potion of enlightenment {unknown}
 K - 3 potions of attraction
 L - a potion of cancellation
Miscellaneous
 M - a lightning rod (4/4) (quivered)


   Skills:
 + Level 11.8 Fighting
 + Level 6.5 Armour
 + Level 6.9 Dodging
 + Level 11.4 Unarmed Combat
 + Level 5.3 Evocations
 - Level 14.0 Shapeshifting


You had 13 spell levels left.
You didn't know any spells.
Your spell library contained the following spells:

 Spells                   Type           Power      Damage    Failure   Level
 Freeze                   Ice            0%         1d3       38%         1
 Kiss of Death            Conj/Necr      0%         2d5       38%         1
 Magic Dart               Conj           0%         1d3       38%         1
 Summon Small Mammal      Summ           0%         N/A       38%         1
 Lesser Beckoning         Tloc           0%         N/A       52%         2
 Searing Ray              Conj           0%         2d4       52%         2
 Call Canine Familiar     Summ           0%         N/A       77%         3
 Confusing Touch          Hex            0%         N/A       77%         3
 Dazzling Flash           Conj/Hex       0%         N/A       77%         3
 Frozen Ramparts          Ice            0%         1d1       77%         3
 Gell's Gravitas          Tloc           0%         N/A       77%         3
 Hailstorm                Conj/Ice       0%         3d3       77%         3
 Summon Guardian Golem    Hex/Summ       0%         N/A       77%         3
 Teleport Other           Tloc           0%         N/A       77%         3
 Volatile Blastmotes      Fire/Tloc      0%         2d10      77%         3
 Animate Armour           Summ/Erth      0%         N/A       99%         4
 Cause Fear               Hex            0%         N/A       99%         4
 Dispel Undead            Necr           0%         3d6       99%         4
 Fulminant Prism          Conj/Hex       0%         3d5       99%         4
 Summon Lightning Spire   Summ/Air       0%         N/A       99%         4
 Fireball                 Conj/Fire      0%         3d3       100%        5
 Lee's Rapid Deconstruct  Erth           0%         3d4*      100%        5
 Dispersal                Tloc           0%         N/A       100%        6
 Starburst                Conj/Fire      0%         6d3       100%        6
 Maxwell's Capacitive Co  Air            0%         ∞         100%        8
 Chain Lightning          Conj/Air       0%         N/A       100%        9
 Dragon's Call            Summ           0%         N/A       100%        9
 Fire Storm               Conj/Fire      0%         5d1       100%        9
 Shatter                  Erth           0%         3d5*      100%        9


Dungeon Overview and Level Annotations

Branches:
Dungeon (12/15)            Temple (1/1) D:7            Lair (5/5) D:10
 Shoals (0/4) Lair:2        Snake (0/4) Lair:2          Orc (0/2) D:10
  Slime: Lair:4-5

Altars:
Ashenzari
Cheibriados
Dithmenos
Fedhas
Gozag
Hepliaklqana
Kikubaaqudgha
Makhleb
Nemelex Xobeh
Okawaru
Qazlal
Ru
Sif Muna
Trog
Uskayaw
Vehumet
Wu Jian
Xom
Yredelemnul

Shops:
D:5 ?   D:9 (([([   D:10 **   D:12 *

Annotations:
D:5 3 runed translucent doors, Sundig's ghost, amateur MiFi
D:8 3 runed translucent doors, cforsyth's ghost, novice DjCK
Lair:1 2 transporters, avis's ghost, journeyman FeSh


Innate Abilities, Weirdness & Mutations

You are something dangerously unstable.
You glow with magical radiation, making you easy to see and hit.
Foes you strike become dangerously contaminated with magical radiation.
You are incapable of wielding weapons or throwing items.
You have a pair of antennae on your head.
You have hoof-like feet.
A demonic guardian rushes to your aid.
A meltable icy envelope protects you from harm. (AC +4)
A meltable shield of frost defends you. (SH +4)
Your touch may irresistibly damage your foes and sap their willpower.


Message History

The eight-headed hydra bites you!
You block the eight-headed hydra's attack.
The komodo dragon hisses menacingly.
The komodo dragon closely misses you.
The dream sheep shake their wool and sparkle.
You feel drowsy...
You fall asleep.
The skyshark bites you!!
You wake up.
The skyshark tastes blood and grows stronger!
The skyshark tail-slaps you but does no damage.
The skyshark closely misses you.
There is a stone staircase leading up, spattered with blood here.
You take 43 damage, and have 54/114 hp.
MASSIVE DAMAGE!!
You feel sick. You block the cane toad's attack.
The eight-headed hydra bites you but does no damage. x2
You block the eight-headed hydra's attack.
The eight-headed hydra bites you but does no damage.
The eight-headed hydra bites you. x2
The eight-headed hydra bites you but does no damage.
The eight-headed hydra bites you!
The komodo dragon bites you but does no damage.
The rime drake completely misses you. You block the skyshark's attack.
The skyshark tail-slaps you but does no damage.
The skyshark barely misses you.
You climb upwards.
You feel sick.
There is a stone staircase leading down here.
You take 19 damage, and have 35/114 hp.
As you read the scroll of teleportation {@r3}, it crumbles to dust.
You feel strangely unstable.
You feel sick. The cane toad barely misses you.
The rime drake breathes ice at you. The icy flash freeze hits you!!
* * * LOW HITPOINT WARNING * * *
A demonic guardian appears!
You are encased in ice.
The eight-headed hydra bites you but does no damage.
You block the eight-headed hydra's attack. x2
The eight-headed hydra bites you but does no damage.
The eight-headed hydra completely misses you.
The eight-headed hydra closely misses you.
The eight-headed hydra bites you but does no damage.
The eight-headed hydra bites you!
You die...

##...## #.8.<## ##....#
##..### ....# ....### ...#..#
### ### ######
..##..######.####P#####.#P.##
##......(......kBF...#......##
#..............lDl4..........#
##...........................#
.#...........................#
.............................#
.............................#
...............#........#...##
#......###.###########...#.##
#.....## ### #.#####


You could see a skyshark (strong), an eight-headed hydra, a komodo dragon
(contam), a cane toad (ally target), a rime drake (catching breath) and a
friendly rust devil (summoned).

Vanquished Creatures
  Snorg (Lair:4)
  A catoblepas (Lair:3)
  3 hydras
  5 two-headed ogres
  3 boulder beetles
  8 death yaks
  A tengu warrior (D:11)
  Nergalle (Lair:3)
  Urug (Lair:1)
  2 skysharks
  5 skeletal warriors (D:11)
  2 cyclopes (D:12)
  A manticore (D:12)
  4 elephants (Lair:5)
  2 black mambas
  9 cane toads
  5 torpor snails
  A gargoyle (D:9)
  A kobold demonologist (D:10)
  7 komodo dragons
  6 rime drakes
  4 polar bears
  3 trolls
  A hornet (D:9)
  10 blink frogs
  5 dream sheep (Lair:5)
  4 slime creatures (D:12)
  2 wraiths
  71 yaks
  2 wyverns
  2 basilisks
  A vampire (D:12)
  A fire elemental (Lair:2)
  5 vampire mosquitoes (D:12)
  A steam dragon (D:10)
  3 nagas (Lair:2)
  2 acid dragons
  A hell hound (Lair:5)
  18 water moccasins
  5 black bears
  Duvessa (D:7)
  3 orc warriors
  An ogre (D:6)
  2 sky beasts
  3 centaurs
  2 phantoms
  7 kobold brigands
  12 bullfrogs
  2 scorpions
  16 wights
  Dowan (D:7)
  14 killer bees
  A howler monkey (D:9)
  An electric eel (Lair:2)
  Crazy Yiuf (D:4)
  4 orc priests
  A hound (D:5)
  4 iguanas
  Jessica (D:2)
  11 orc wizards
  9 gnolls
  7 adders
  2 shadow imps
  An ufetubus (D:7)
  3 worms
  20 orcs
  6 endoplasms
  3 giant cockroaches
  8 goblins
  8 hobgoblins
  5 quokkas
  7 ball pythons
  7 bats
  6 frilled lizards
  25 kobolds
  4 rats
419 creatures vanquished.

Vanquished Creatures (collateral kills)
  Fannar (D:10)
  A hydra (Lair:5)
  A two-headed ogre (D:8)
  A lindwurm (Lair:5)
  2 elephants (Lair:5)
  3 komodo dragons
  2 blink frogs (Lair:5)
  3 yaks
  A steam dragon (D:5)
  3 vampire mosquitoes (D:12)
  A wight (D:7)
  A hound (D:6)
  A shadow imp (D:7)
  3 orcs
24 creatures vanquished.

Grand Total: 443 creatures vanquished

Notes
Turn   | Place    | Note
-------+----------+-------------------------------------------
     0 | D:1      | Ofeo the Demonspawn Shapeshifter began the quest for the
                  | Orb.
     0 | D:1      | Reached XP level 1. HP: 15/15 MP: 1/1
   377 | D:1      | Gained mutation: A weak demonic guardian rushes to your
                  | aid. [demonic ancestry]
   377 | D:1      | Reached XP level 2. HP: 17/21 MP: 2/2
   393 | D:1      | Reached skill level 3 in Shapeshifting
  1000 | D:2      | Gained mutation: A meltable shield of frost defends you.
                  | (SH +4) [demonic ancestry]
  1000 | D:2      | Reached XP level 3. HP: 22/26 MP: 3/3
  1502 | D:2      | Noticed Jessica
  1512 | D:2      | Killed Jessica
  1513 | D:2      | Reached skill level 4 in Shapeshifting
  1513 | D:2      | Discovered your monstrous ancestry.
  1513 | D:2      | Gained mutation: You have large cloven feet. [demonic
                  | ancestry]
  1513 | D:2      | Reached XP level 4. HP: 32/32 MP: 4/4
  2281 | D:3      | Found a burning altar of Makhleb.
  2281 | D:3      | Noticed a balrug
  2366 | D:3      | Noticed a black bear
  2376 | D:3      | Killed a black bear
  2377 | D:3      | Reached skill level 5 in Shapeshifting
  2377 | D:3      | Gained mutation: You have a pair of small antennae on your
                  | head. [demonic ancestry]
  2377 | D:3      | Reached XP level 5. HP: 29/37 MP: 5/5
  3106 | D:4      | Noticed a phantom
  3113 | D:4      | Killed a phantom
  3114 | D:4      | Gained mutation: A demonic guardian rushes to your aid.
                  | [demonic ancestry]
  3114 | D:4      | Reached XP level 6. HP: 37/43 MP: 6/6
  3145 | D:4      | Reached skill level 6 in Shapeshifting
  3311 | D:4      | Found a stormy altar of Qazlal.
  3313 | D:4      | Found a hazy altar of Hepliaklqana.
  3401 | D:4      | Found an ancient bone altar of Kikubaaqudgha.
  3474 | D:4      | Found a radiant altar of Vehumet.
  3476 | D:4      | Found an iron altar of Okawaru.
  3962 | D:4      | Found a runed translucent door.
  3963 | D:4      | Noticed Crazy Yiuf
  3969 | D:4      | Killed Crazy Yiuf
  4028 | D:5      | Entered Level 5 of the Dungeon
  4140 | D:5      | Gained mutation: You have a pair of antennae on your head.
                  | [demonic ancestry]
  4140 | D:5      | Reached XP level 7. HP: 47/51 MP: 7/7
  4172 | D:5      | Found a runed translucent gate.
  4172 | D:5      | Found a runed translucent gate.
  4176 | D:5      | Found a runed translucent gate.
  4297 | D:5      | Found Feris's Magic Scroll Shoppe.
  4324 | D:5      | Bought a scroll of fog for 40 gold pieces
  4324 | D:5      | Bought a scroll of enchant armour for 75 gold pieces
  4324 | D:5      | Bought a scroll of poison for 40 gold pieces
  4493 | D:5      | Noticed Sundig's ghost (amateur MiFi)
  4494 | D:5      | Noticed a steam dragon
  4505 | D:5      | Killed a steam dragon
  4506 | D:5      | Reached skill level 5 in Fighting
  5131 | D:6      | Gained mutation: A meltable icy envelope protects you from
                  | harm. (AC +4) [demonic ancestry]
  5131 | D:6      | Reached XP level 8. HP: 58/65 MP: 8/8
  5620 | D:6      | Found a transporter.
  5629 | D:6      | Found a transporter.
  5714 | D:6      | Found a basalt altar of Yredelemnul.
  5877 | D:6      | Reached skill level 5 in Unarmed Combat
  6316 | D:7      | Noticed Dowan
  6317 | D:7      | Noticed Duvessa
  6326 | D:7      | Killed Duvessa
  6334 | D:7      | Killed Dowan
  6342 | D:7      | Reached XP level 9. HP: 44/73 MP: 9/9
  6741 | D:7      | Found a staircase to the Ecumenical Temple.
  6833 | Temple   | Entered the Ecumenical Temple
  6844 | Temple   | Became a worshipper of the Wu Jian Council
  7617 | D:8      | Noticed a two-headed ogre
  7630 | D:8      | Killed a two-headed ogre
  7918 | D:8      | Noticed a two-headed ogre
  7931 | D:8      | Killed a two-headed ogre
  7932 | D:8      | Gained mutation: Your touch may inflict minor irresistible
                  | damage on your foes. [demonic ancestry]
  7932 | D:8      | Reached XP level 10. HP: 53/83 MP: 10/10
  8076 | D:8      | Reached * piety under Wu Jian
  8587 | D:8      | Found a runed translucent gate.
  8587 | D:8      | Found a runed translucent gate.
  8587 | D:8      | Found a runed translucent gate.
  8591 | D:8      | Noticed cforsyth's ghost (novice DjCK)
  8636 | D:8      | Found a bloodstained altar of Trog.
  9391 | D:9      | Found Kanudo's Armour Shop.
  9417 | D:9      | Reached skill level 7 in Shapeshifting
  9492 | D:9      | You fall into a shaft and drop 1 floor!
  9492 | D:10     | Entered Level 10 of the Dungeon
  9501 | D:10     | Noticed a two-headed ogre
  9542 | D:9      | Found Uberesm's Antique Armour Boutique.
  9561 | D:9      | Noticed a gargoyle
  9567 | D:9      | Killed a gargoyle
  9568 | D:9      | Reached skill level 8 in Shapeshifting
  9610 | D:9      | Found Ifimasch's Antique Weapon Shoppe.
  9836 | D:9      | Found Meires's Weapon Shoppe.
 10027 | D:9      | Found Sarink's Weapon Boutique.
 10188 | D:9      | Reached skill level 9 in Shapeshifting
 10224 | D:10     | Killed a two-headed ogre
 10225 | D:10     | Gained mutation: You have hoof-like feet. [demonic
                  | ancestry]
 10225 | D:10     | Reached XP level 11. HP: 84/89 MP: 11/11
 10241 | D:10     | Noticed a two-headed ogre
 10247 | D:10     | Killed a two-headed ogre
 10262 | D:10     | Reached ** piety under Wu Jian
 10315 | D:10     | Reached skill level 10 in Shapeshifting
 10341 | D:10     | Found a staircase to the Lair.
 10386 | D:10     | Noticed Fannar
 10394 | D:10     | Found Ginnaf's Assorted Antiques.
 10394 | D:10     | Killed Fannar
 10560 | D:10     | Found Osun's General Store.
 10563 | D:10     | Bought a blue potion for 20 gold pieces
 10567 | D:10     | Noticed a two-headed ogre
 10571 | D:10     | Killed a two-headed ogre
 10624 | D:10     | Found a staircase to the Orcish Mines.
 10670 | D:10     | Reached skill level 11 in Shapeshifting
 10933 | D:10     | Found a hide-covered altar of Uskayaw.
 11051 | D:11     | Noticed a skeletal warrior
 11058 | D:11     | Killed a skeletal warrior
 11079 | D:11     | Noticed a skeletal warrior
 11087 | D:11     | Killed a skeletal warrior
 11122 | D:11     | Noticed a skeletal warrior
 11122 | D:11     | Noticed a skeletal warrior
 11122 | D:11     | Noticed a skeletal warrior
 11131 | D:11     | Killed a skeletal warrior
 11140 | D:11     | Killed a skeletal warrior
 11141 | D:11     | Reached skill level 12 in Shapeshifting
 11157 | D:11     | Killed a skeletal warrior
 11325 | D:11     | Noticed a tengu warrior
 11333 | D:11     | Killed a tengu warrior
 11344 | D:11     | Gained mutation: Your touch may inflict irresistible damage
                  | on your foes. [demonic ancestry]
 11344 | D:11     | Reached XP level 12. HP: 90/96 MP: 12/12
 11396 | D:11     | Identified the +7 falchion "Naumank" {spect, Str-4 Int+2
                  | Dex+6 SInv}
 11402 | D:11     | Reached *** piety under Wu Jian
 11551 | D:11     | Noticed a two-headed ogre
 11564 | D:11     | Killed a two-headed ogre
 11724 | D:5      | Bought a scroll of acquirement for 520 gold pieces
 11724 | D:5      | Acquired 822 gold pieces
 11840 | D:9      | Bought a runed cloak for 285 gold pieces
 12037 | D:11     | Noticed a boulder beetle
 12047 | D:11     | Killed a boulder beetle
 12245 | D:11     | Reached skill level 13 in Shapeshifting
 12727 | D:12     | Found Katriavoi's Neck Hole.
 12886 | D:12     | Noticed a boulder beetle
 12976 | D:12     | Killed a boulder beetle
 13847 | Lair:1   | Entered Level 1 of the Lair of Beasts
 13854 | Lair:1   | Reached skill level 14 in Shapeshifting
 13955 | Lair:1   | Reached **** piety under Wu Jian
 13958 | Lair:1   | Found a transporter.
 13980 | Lair:1   | Found a transporter.
 13980 | Lair:1   | Noticed avis's ghost (journeyman FeSh)
 13986 | Lair:1   | Noticed Urug
 13996 | Lair:1   | Reached skill level 1 in Armour
 13998 | Lair:1   | Killed Urug
 14391 | Lair:1   | You fall into a shaft and drop 1 floor!
 14640 | Lair:2   | Reached skill level 10 in Fighting
 14839 | Lair:2   | Found a staircase to the Snake Pit.
 14932 | Lair:2   | Found a staircase to the Shoals.
 15086 | Lair:2   | Gained mutation: Your touch may irresistibly damage your
                  | foes and sap their willpower. [demonic ancestry]
 15086 | Lair:2   | Reached XP level 13. HP: 93/103 MP: 13/13
 15242 | Lair:2   | Reached skill level 10 in Unarmed Combat
 16308 | Lair:3   | Reached ***** piety under Wu Jian
 16309 | Lair:3   | Reached skill level 1 in Evocations
 16316 | Lair:3   | Reached skill level 5 in Dodging
 16720 | Lair:3   | Noticed Nergalle
 16728 | Lair:3   | Killed Nergalle
 17502 | Lair:3   | Reached skill level 5 in Armour
 18411 | Lair:4   | Reached XP level 14. HP: 94/113 MP: 14/14
 18505 | Lair:4   | Noticed Snorg
 18512 | Lair:4   | Killed Snorg
 18838 | Lair:5   | Entered Level 5 of the Lair of Beasts
 18861 | Lair:5   | HP: 2/113 [lindwurm/blast of flame (32)]
 19372 | Lair:5   | Reached skill level 5 in Evocations
 19731 | Lair:5   | Reached ****** piety under Wu Jian
 19734 | Lair:4   | HP: 3/114 [rime drake/icy flash freeze (32)]
 19734 | Lair:4   | Slain by an eight-headed hydra

Illustrated notes

Levels and vault maps discovered:
D:1:      sevenhm_arrival_forest_fort_large_2, layout_loops_ring,
          hangedman_abyss_or_decor_stabs
D:2:      minmay_evil_eye, layout_rooms, hex_tiny, kennysheep_jessica_study
D:3:      layout_loops_ring, makhleb_altar_promises_db, minmay_joined_circles,
          uniq_jessica
D:4:      dreamdust_elfheim, layout_basic, old_standard_altar,
          nicolae_overflow_hidden_temple, serial_bayou_crossing,
          uniq_crazy_yiuf_cottage
D:5:      layout_basic, serial_shops, nicolae_shop_gibbet_a_chance,
          gammafunk_ghost_icy
D:6:      layout_cave_pools, gammafunk_temple_overflow_arena,
          chequers_serial_rivers_small_a
D:7:      layout_basic, minmay_temple_entry_mist, uniq_duvessa
D:8:      layout_basic, lemuel_tele_altar, gammafunk_ghost_spectres
D:9:      layout_loops_ring, serial_shops, shop,
          nicolae_shop_bloodbath_and_beyond, shop, kennysheep_little_box,
          nicolae_shop_tiny_statue_garden, minivault_19
D:10:     layout_rooms, mainiacjoe_overflow_alcove_1,
          grunt_lair_entry_orc_guard_hut, orc_0_dummy, serial_shops, shop, shop,
          uniq_fannar
D:11:     layout_loops_ring
D:12:     layout_irregular_city, minivault_16, nicolae_shop_sticking_my_neck_out
Temple:   nicolae_temple_hex_pool
Lair:1:   layout_roguey, nzn_ghost_randoct, chequers_serial_rivers_large_a,
          cheibrodos_lair_lostbears, uniq_urug
Lair:2:   layout_gridlike, elwin_shoals_entry_rocks, nicolae_snake_entry_squirm,
          nicolae_quartered_pool_medium, nzn_sisyphean_effort
Lair:3:   layout_regular_city, uniq_nergalle
Lair:4:   layout_hall_layers, chequers_serial_rivers_micro_b,
          serial_bayou_shore_a, grunt_megastairs_5, uniq_snorg
Lair:5:   evil_forest, layout_regular_city, slime_entry_1,
          dreamdust_gnoll_shepherd, infiniplex_staircase_pool_2,
          serial_bayou_shore_b, lemuel_fruit_fields

Skill      XL: |  1  2  3  4  5  6  7  8  9 10 11 12 13 14 |
---------------+-------------------------------------------+-----
Shapeshifting  | 3 4 5 6 9 12 14 | 14.0
Fighting       | 2 6 7 9 10 11 | 11.8
Unarmed Combat | 6 9 10 11 | 11.4
Dodging        | 3 6 |  6.9
Armour         | 3 5 6 |  6.5
Evocations     | 3 5 |  5.3

Action                     |  1- 3 |  4- 6 |  7- 9 | 10-12 | 13-15 || total
---------------------------+-------+-------+-------+-------+-------++-------
  Melee: Unarmed           |   119 |    89 |   280 |   587 |   563 ||  1638
         Punch             |     5 |     4 |       |       |       ||     9
         Kick              |       |    28 |   104 |   236 |   226 ||   594
         Spear             |       |    47 |       |       |       ||    47
         Touch             |       |       |       |   124 |   136 ||   260
 Invoke: Serpent's Lash    |       |       |       |       |     3 ||     3
Ability: Lunge             |       |       |     4 |    34 |    22 ||    60
         Whirlwind         |       |       |       |   100 |   174 ||   274
         Wall Jump         |       |       |       |       |     1 ||     1
  Evoke: Wand              |       |       |       |     4 |     2 ||     6
    Use: Scroll            |       |     6 |     5 |     4 |     4 ||    19
         Potion            |       |     5 |       |       |     1 ||     6
   Stab: Sleeping          |     1 |     1 |       |       |     1 ||     3
 Armour: Animal skin       |    46 |     7 |       |       |       ||    53
         Chain mail        |       |    57 |   287 |   228 |       ||   572
         Skin              |       |    26 |       |       |       ||    26
         Acid dragon scale |       |       |       |   106 |   352 ||   458
  Dodge: Dodged            |    75 |    40 |   125 |   152 |   254 ||   646
  Block: Other             |    12 |    23 |    47 |   121 |   179 ||   382
         Reflection        |       |       |       |     1 |     1 ||     2
   Form: Flux              |       |     1 |       |       |       ||     1

Table legend: (Time is in decaauts)
 A = Elapsed time spent in this place.
 B = Non-inter-level travel time spent in this place.
 C = Inter-level travel time spent in this place.
 D = Time resting spent in this place.
 E = Time spent auto-exploring this place.
 F = Levels seen in this place.
 G = Mean time per level.
                   A        B        C        D        E       F      G
               +--------+--------+--------+--------+--------+-----+--------+
         Total |  19662 |  18653 |   1009 |   1600 |  14080 |  18 | 1092.3 |
       Dungeon |  13772 |  13036 |    736 |    664 |  10387 |  12 | 1147.7 |
        Temple |     22 |      2 |     20 |      0 |      0 |   1 |   22.0 |
          Lair |   5867 |   5615 |    252 |    936 |   3692 |   5 | 1173.4 |
               +--------+--------+--------+--------+--------+-----+--------+

Top non-repeatable levels by time:
  Lair:3: 1896 daAuts
  Lair:2: 1655 daAuts
     D:7: 1649 daAuts
     D:8: 1500 daAuts
    D:11: 1350 daAuts
  Lair:4: 1217 daAuts
     D:3: 1172 daAuts
    D:12: 1137 daAuts
     D:5: 1114 daAuts
     D:9: 1087 daAuts
     D:6: 1011 daAuts
     D:1: 967 daAuts
     D:2: 955 daAuts
     D:4: 934 daAuts
    D:10: 889 daAuts
